cohdb
Replays
Latest Replays
All Replays
Popular Replays
Top Player Replays
Match Explorer
How It Works
Community
CoH3 Stats
Reddit
Sign in to upload your games and track your stats! →
Sign in with Steam
Match 42938542
Unlisted
Match 42938542
Overview
Messages
Build Orders
End
Construct Section Command Post
Selects Air and Sea Battlegroup
Infantry Section
Infantry Section
ML 3-inch Mortar Team
Construct Platoon Command Post
6-pounder Anti-tank Gun Team
6-pounder Anti-tank Gun Team
Team Weapon Training
Infantry Training
Construct Company Command Post
DoMxNightM4rE
HAK
💧CheckO ||30|| FpS💧
苏大大
二郎显圣真君
www
0
0
Comments
sign in to comment!
No comments posted yet!